 Dungeon Crawl Stone Soup version 0.23-a0-629-gae4348f (webtiles) character file.

79 Matador8 the Sneak (level 4, -4/30 HPs)
             Began as a Vampire Enchanter on Dec 25, 2018.
             Slain by a hound (5 damage)
             ... on level 2 of the Dungeon.
             The game lasted 00:08:59 (1479 turns).

Matador8 the Sneak (Vampire Enchanter)              Turns: 1479, Time: 00:09:02

Health: -4/30      AC:  3    Str:  8      XL:     4   Next: 17%
Magic:  2/7        EV: 12    Int: 16 (17) God:
Gold:   36         SH:  0    Dex: 14      Spells: 1/7 levels left

rFire    . . .     SeeInvis +   a - +1 dagger
rCold    . . .     Gourm    .   (no shield)
rNeg     + . .     Faith    .   g - +0 leather armour
rPois    .         Spirit   .   (no helmet)
rElec    .         Reflect  .   (no cloak)
rCorr    .         Harm     .   (no gloves)
MR       .....                  (no boots)
Stlth    +++.......             (no amulet)
HPRegen  0.10/turn              (no ring)
MPRegen  0.10/turn              (no ring)

@: no status effects
A: fangs 3, see invisible, unbreathing
a: Bat Form


You were on level 2 of the Dungeon.
You were not thirsty.

You visited 1 branch of the dungeon, and saw 2 of its levels.

You collected 36 gold pieces.

Inventory:

Hand Weapons
 a - a +1 dagger (weapon)
Missiles
 m - 3 javelins (quivered)
Armour
 b - a +0 robe
 g - a +0 leather armour (worn)
 j - a +0 scale mail
 n - a +0 chain mail
Scrolls
 c - 5 scrolls of identify {unknown}
 k - 2 scrolls of teleportation {unknown}
Potions
 d - 15 potions of blood
 e - a potion of curing
 f - a potion of heal wounds {unknown}
 i - a potion of ambrosia {unknown}
 l - a potion of agility {unknown}


   Skills:
 + Level 2.7 Short Blades
 - Level 2.1 Dodging
 + Level 5.7 Stealth
 - Level 2.0 Spellcasting
 + Level 5.5 Hexes


You had one spell level left.
You knew the following spells:

 Your Spells              Type           Power        Failure   Level  Hunger
a - Corona                Hex            ###....      3%          1    #......
b - Ensorcelled Hibernat  Hex/Ice        ##....       14%         2    ###....
c - Confuse               Hex            ###.....     10%         3    ###....

Your spell library contained the following spells:

 Spells                   Type           Power        Failure   Level  Hunger
 Tukima's Dance           Hex            ###.....     10%         3    ###....
 Dazzling Spray           Conj/Hex       ##....       28%         3    ###....


Dungeon Overview and Level Annotations

Branches:
Dungeon (2/15)

Altars:
Makhleb
Zin


Innate Abilities, Weirdness & Mutations

You have razor-sharp teeth.
You have supernaturally acute eyesight. (SInv)
You can survive without breathing.


Message History

Casting: Ensorcelled Hibernation (safe; 14% risk of failure)
Confirm with . or Enter, or press ? or * to list all spells.
Aiming: Confuse (safe; 10% risk of failure)
Press: ? - help, Shift-Dir - straight line, f/p - hound
Aim: a hound (severely wounded, chance to defeat MR: 58%)
The hound appears confused.
The hound bites the giant cockroach.
The hound bites you.
* * * LOW HITPOINT WARNING * * *
You closely miss the hound.
The hound is severely wounded.
The hound bites you.
* * * LOW HITPOINT WARNING * * *
The giant cockroach closely misses you.
Your leather armour prevents you from hitting the hound.
The hound is severely wounded.
The hound closely misses the giant cockroach.
The giant cockroach bites you.
* * * LOW HITPOINT WARNING * * *
The hound bites you.
You die...

..## #.#........
..####.#........
#.........######
#÷.....######
.......# ##..#
..########∩_..###
..# #.# #.†...##
..#####.## #hs##
.....##..# ##@.#
..##.##..# ###..##
..##(.+..####...##
....###..##....##
.........#....##
.......#'....##
..##...#.....#
..##...#'#####
..##........#


You could see a hound (confused) and a giant cockroach.

Vanquished Creatures
  4 adders (D:2)
  2 worms (D:2)
  2 dart slugs (D:2)
  A ball python (D:1)
  3 bats
  4 giant cockroaches
  5 goblins
  2 hobgoblins (D:1)
  2 frilled lizards (D:2)
  6 kobolds
  5 rats
36 creatures vanquished.

Notes
Turn   | Place    | Note
-------+----------+-------------------------------------------
     0 | D:1      | Matador8 the Vampire Enchanter began the quest for the Orb.
     0 | D:1      | Reached XP level 1. HP: 13/13 MP: 3/3
   412 | D:1      | Reached XP level 2. HP: 19/19 MP: 5/5
   420 | D:1      | Learned a level 2 spell: Ensorcelled Hibernation
   960 | D:2      | Reached skill level 5 in Stealth
   960 | D:2      | Reached skill level 5 in Hexes
   963 | D:2      | Reached XP level 3. HP: 24/24 MP: 6/6
  1059 | D:2      | Found a glowing silver altar of Zin.
  1263 | D:2      | Learned a level 3 spell: Confuse
  1270 | D:2      | Found a faded altar of an unknown god.
  1280 | D:2      | Reached XP level 4. HP: 24/30 MP: 5/7
  1465 | D:2      | Found a burning altar of Makhleb.
  1479 | D:2      | HP: 1/30 [giant cockroach (1)]
  1479 | D:2      | Slain by a hound

Vault maps used:
D:1:      minmay_arrival_four_circles, minmay_tromino_v4_b
D:2:      makhleb_blood_cavern_becter, zin_academy,
          chequers_ecumenical_altar_island, minmay_distorted

Skill      XL: |  1  2 |
---------------+-------+-----
Short Blades   | 2 |  2.7
Stealth        | 5 |  5.7
Hexes          | 5 |  5.5
Dodging        | |  2.1
Spellcasting   | |  2.0

Action                   |  1- 3 |  4- 6 || total
-------------------------+-------+-------++-------
Melee: Dagger            |    99 |    21 ||   120
       Bite              |     5 |     2 ||     7
 Cast: Corona            |    20 |     4 ||    24
       Ensorcelled Hiber |     6 |     4 ||    10
       Confuse           |       |     1 ||     1
  Use: Potion            |     4 |     1 ||     5
 Stab: Sleeping          |    14 |     2 ||    16
Armor: Robe              |     4 |       ||     4
       Leather armour    |    17 |     2 ||    19
Dodge: Dodged            |    63 |    11 ||    74

Table legend:
 A = Non-vault XP
 B = Vault XP
 C = Vault XP percentage of total XP
 D = Non-vault monster count
 E = Vault monster count
 F = Vault count percentage of total count
                 A         B        C        D         E       F
            +---------+---------+-------+---------+---------+-------
      Total |      95 |      19 |  16.7 |      32 |       4 |  11.1
            +---------+---------+-------+---------+---------+-------
        D:1 |      22 |       0 |   0.0 |      14 |       0 |   0.0
        D:2 |      73 |      19 |  20.7 |      18 |       4 |  18.2
            +---------+---------+-------+---------+---------+-------
